 Dungeon Crawl Stone Soup version 0.32-a0-675-gdc239d62e1 (webtiles) character file.

Game seed: 9378645091224089501

557 javelincjr the Trooper (level 7, -1/55 HPs)
             Began as a Demonspawn Warper on Mar 11, 2024.
             Killed from afar by a steam dragon (19 damage)
             ... with a ball of steam
             ... on level 5 of the Dungeon.
             The game lasted 00:13:52 (4347 turns).

javelincjr the Trooper (Demonspawn Warper)          Turns: 4347, Time: 00:13:53

Health: -1/55      AC:  3    Str: 13    XL:     7   Next: 9%
Magic:  11/11      EV: 12    Int: 13    God:
Gold:   259        SH:  0    Dex: 13    Spells: 7/12 levels left

rFire   . . .        b - +3 trident
rCold   . . .        (no shield)
rNeg    . . .        n - +0 leather armour
rPois   .            (no helmet)
rElec   .            (no cloak)
rCorr   .            (no gloves)
SInv    .            (no boots)
Will    .....        w - amulet of magic regeneration
Stlth   +            (no ring)
HPRegen 0.29/turn    (no ring)
MPRegen 0.52/turn

%: no passive effects
@: no status effects
A: demonic touch 1
a: no special abilities


You were on level 5 of the Dungeon.
You visited 1 branch of the dungeon, and saw 5 of its levels.

You collected 259 gold pieces.

Inventory:

Hand Weapons
 a - a +1 sling of flaming
 b - a +3 trident (weapon)
 s - a +0 trident
Missiles
 d - 7 darts of dispersal (quivered)
 q - a throwing net
 t - 2 atropa-tipped darts
Armour
 n - a +0 leather armour (worn)
 p - the scarf of the Slug {+Inv, rPois Str-5 Int+5 Stlth+}
   (You found it on level 2 of the Dungeon)

   Str-5:     It affects your strength (-5).
   Int+5:     It affects your intelligence (+5).
   rPois:     It protects you from poison.
   Stlth+:    It makes you more stealthy.
Jewellery
 w - an amulet of magic regeneration (around neck)
Scrolls
 f - a scroll of amnesia {unknown}
 g - a scroll of butterflies {unknown}
 i - 7 scrolls of identify {unknown}
 r - 2 scrolls of teleportation {unknown}
 u - a scroll of enchant weapon {unknown}
 x - 2 scrolls of vulnerability {unknown}
 y - a scroll of fear {unknown}
Potions
 c - a potion of might {unknown}
 e - 4 potions of lignification {unknown}
 h - a potion of haste {unknown}
 j - a potion of invisibility {unknown}
 k - a potion of cancellation {unknown}
 l - a potion of heal wounds {unknown}
 m - a potion of berserk rage {unknown}
 o - a potion of enlightenment {unknown}
 v - 2 potions of curing {unknown}
 z - a potion of brilliance {unknown}


   Skills:
 * Level 4.4 Fighting
 + Level 3.2 Polearms
 - Level 0.8 Throwing
 + Level 2.7 Armour
 + Level 3.0 Dodging
 + Level 3.1 Spellcasting
 + Level 3.6 Translocations


You had 7 spell levels left.
You knew the following spells:

 Your Spells              Type           Power      Damage    Failure   Level
a - Apportation           Tloc           22%        N/A       6%          1
b - Blink                 Tloc           22%        N/A       10%         2
c - Lesser Beckoning      Tloc           22%        N/A       10%         2

Your spell library contained the following spells:

 Spells                   Type           Power      Damage    Failure   Level
 Teleport Other           Tloc           11%        N/A       19%         3
 Momentum Strike          Conj/Tloc      12%        3d8       21%         2
 Magic Dart               Conj           8%         1d3       28%         1
 Necrotise                Necr           8%         1d4       28%         1
 Sting                    Conj/Alch      8%         1d3       28%         1
 Summon Small Mammal      Summ           8%         N/A       28%         1
 Ensorcelled Hibernation  Hex/Ice        4%         N/A       41%         2
 Searing Ray              Conj           4%         2d4       41%         2
 Manifold Assault         Tloc           11%        N/A       54%         4
 Passwall                 Erth           2%         N/A       65%         3
 Swiftness                Air            2%         N/A       65%         3
 Vhi's Electric Charge    Tloc/Air       12%        N/A       80%         4
 Fulminant Prism          Conj/Alch      1%         3d5       96%         4


Dungeon Overview and Level Annotations

Branches:
Dungeon (5/15)
 Temple: D:4-7

Altars:
Kikubaaqudgha
Sif Muna


Innate Abilities, Weirdness & Mutations

Your touch may inflict minor irresistible damage on your foes.


Message History

A black bear comes into view.
You reach to attack!
You barely miss the black bear. You hit the black bear.
You touch the black bear.
The black bear is heavily wounded.
The black bear bites you! The black bear misses you.
The black bear closely misses you.
You puncture the black bear!
The black bear is severely wounded.
The black bear bites you. The black bear barely misses you.
The black bear claws you.
The black bear bites you but does no damage.
The black bear barely misses you. The black bear completely misses you.
You hit the black bear.
The black bear is almost dead.
The black bear closely misses you.
The black bear claws you but does no damage.
The black bear claws you.
You puncture the black bear!
You kill the black bear!
Your Dodging skill increases to level 3!
You have reached level 7!
Found a stone staircase leading down.
There is a stone staircase leading up here.
You now have 259 gold pieces (gained 14).
A steam dragon comes into view.
The steam dragon hisses angrily.
The steam dragon breathes steam at you. The ball of steam hits you!
The steam dragon breathes steam at you. The ball of steam hits you!
You are engulfed in a cloud of scalding steam.
The steam dragon breathes steam at you. The ball of steam misses you.
The steam dragon bites you! The steam dragon claws you.
You hit the steam dragon but do no damage.
You touch the steam dragon!
The steam dragon is moderately wounded.
The steam dragon breathes steam at you. The ball of steam hits you!!
You die...

######...# #
.............>....# #
#.................# #
#................## #
#...........# #
#........#..# #
#...........# #
#.........###.# #
#.....@.......# #
###.#D###.#############
# #.# #..............
#.# #.############# #.#
#.# #.###.# #.##..#
#.##..# ###.##..#


You could see a steam dragon (catching breath).

Vanquished Creatures
  Eustachio (D:4)
  A black bear (D:5)
  A phantom (D:4)
  A bombardier beetle (D:4)
  A hound (D:5)
  A sleepcap (D:4)
  6 adders
  5 ribbon worms
  3 dart slugs
  4 orcs
  4 bats
  2 bat zombies (D:4)
  2 endoplasms
  2 giant cockroaches
  9 goblins
  14 hobgoblins
  4 jackals (D:1)
  A quokka (D:1)
  10 ball pythons
  2 frilled lizards
  A frilled lizard zombie (D:4)
  6 kobolds
  4 rats
85 creatures vanquished.

Notes
Turn   | Place    | Note
-------+----------+-------------------------------------------
     0 | D:1      | javelincjr the Demonspawn Warper began the quest for the
                  | Orb.
     0 | D:1      | Reached XP level 1. HP: 16/16 MP: 3/3
   100 | D:1      | Reached skill level 1 in Armour
   146 | D:1      | Gained mutation: Your touch may inflict minor irresistible
                  | damage on your foes. [demonic ancestry]
   146 | D:1      | Reached XP level 2. HP: 16/22 MP: 5/5
   680 | D:1      | Learned a level 1 spell: Apportation
   683 | D:1      | Learned a level 2 spell: Blink
   686 | D:1      | Learned a level 2 spell: Lesser Beckoning
   876 | D:2      | Reached XP level 3. HP: 20/28 MP: 6/6
  1179 | D:2      | Found a faded altar of an unknown god.
  1456 | D:2      | Identified the scarf of the Slug {+Inv, rPois Str-5 Int+5
                  | Stlth+}
  1730 | D:2      | Reached XP level 4. HP: 34/34 MP: 7/7
  2016 | D:3      | Reached skill level 3 in Fighting
  2615 | D:4      | Reached XP level 5. HP: 26/41 MP: 8/8
  2753 | D:4      | Noticed a phantom
  2778 | D:4      | Killed a phantom
  3059 | D:4      | Noticed Eustachio
  3089 | D:4      | Killed Eustachio
  3090 | D:4      | Reached skill level 4 in Fighting
  3090 | D:4      | Reached XP level 6. HP: 21/48 MP: 10/10
  3577 | D:4      | Found a shimmering blue altar of Sif Muna.
  3860 | D:4      | Found an ancient bone altar of Kikubaaqudgha.
  4097 | D:5      | Entered Level 5 of the Dungeon
  4209 | D:5      | Reached XP level 7. HP: 36/55 MP: 11/11
  4326 | D:5      | Noticed a steam dragon
  4347 | D:5      | Killed from afar by a steam dragon

Illustrated notes

Levels and vault maps discovered:
D:1:      grunt_arrival_crossed_arrows, layout_loops_cross,
          chequers_serial_rivers_large_a, nrook_mini_vaults
D:2:      layout_loops_ring, shapermc_ecumenical_altar_venn, grunt_ministairs_3
D:3:      layout_loops_ring
D:4:      layout_basic, led_sif_pool, lemuel_zombie_altar_kikubaaqudgha,
          minmay_stone_trees_small, wad_woods_river_04, chequers_garden,
          uniq_eustachio
D:5:      layout_basic, trog_three_pillars_becter, kennysheep_generic_room_3,
          uniq_prince_ribbit1

Skill      XL: |  1  2  3  4  5  6 |
---------------+-------------------+-----
Armour         | 1 2 |  2.7
Polearms       | 2 3 |  3.2
Dodging        | 2 3 |  3.0
Fighting       | 3 4 |  4.4
Translocations | 3 |  3.6
Spellcasting   | 3 |  3.1
Throwing       | |  0.8

Action                     |  1- 3 |  4- 6 |  7- 9 || total
---------------------------+-------+-------+-------++-------
  Melee: Spear             |   116 |    32 |       ||   148
         Touch             |    14 |    40 |     1 ||    55
         Trident           |       |   176 |     1 ||   177
   Fire: Sling             |    15 |     5 |       ||    20
   Cast: Blink             |       |     2 |       ||     2
    Use: Scroll            |       |     1 |       ||     1
   Stab: Distracted        |     1 |       |       ||     1
 Armour: Leather armour    |    58 |    83 |     6 ||   147
  Dodge: Dodged            |    40 |   130 |     1 ||   171

Table legend: (Time is in decaauts)
 A = Elapsed time spent in this place.
 B = Non-inter-level travel time spent in this place.
 C = Inter-level travel time spent in this place.
 D = Time resting spent in this place.
 E = Time spent auto-exploring this place.
 F = Levels seen in this place.
 G = Mean time per level.
                   A        B        C        D        E       F      G
               +--------+--------+--------+--------+--------+-----+--------+
         Total |   4422 |   4261 |    161 |    126 |   3276 |   5 |  884.4 |
       Dungeon |   4422 |   4261 |    161 |    126 |   3276 |   5 |  884.4 |
               +--------+--------+--------+--------+--------+-----+--------+

Top non-repeatable levels by time:
     D:4: 1586 daAuts
     D:2: 971 daAuts
     D:1: 889 daAuts
     D:3: 725 daAuts
     D:5: 251 daAuts
